Map: Abyssal Reef LE

Players

iggythefisk

  • Race: Terran Terran
  • Spawn Location: 11:00

Sadist

  • Race: Terran Terran
  • League: Master
  • Spawn Location: 5:00

matathemyra

  • Race: Terran Terran

PhynixHduO

  • Race: Terran Terran
  • League: Diamond

VOD

Have the link to the VOD?

Description

Time

  • Played on: Nov. 20, 2017, 3:10 p.m.
  • Length: 14:39
Show
View Real Time Build Order
Export as new Build Order

iggythefisk Terran 

Build Orders: Reaper Expand, Bio Tank 

Get SALT Encoding   

  12  0:00  SCV  
  13  0:15  Supply Depot  
  13  0:18  SCV  
  14  0:30  SCV  
  15  0:38  Barracks  
  15  0:42  SCV  
  16  0:45  Refinery  
  16  0:54  SCV  
  17  1:06  SCV  
  18  1:20  SCV  
  19  1:29  Reaper  
  20  1:36  Command Center  
  20  1:46  Orbital Command  
  20  1:59  Supply Depot  
  20  2:01  Reaper  
  21  2:13  SCV  
  22  2:20  Bunker  
  22  2:25  SCV  
  22  2:27  Factory  
  23  2:42  SCV  
  24  2:46  Refinery  
  24  2:49  Orbital Command  
  24  2:51  Marine  
  24  2:55  SCV  
  25  3:09  SCV  
  26  3:13  Cyclone  
  26  3:14  Marine  
  26  3:16  SCV  
  26  3:17  Barracks  
  31  3:21  SCV  
  32  3:29  SCV  
  32  3:33  SCV, Barracks Tech Lab  
  34  3:41  SCV  
  35  3:43  Engineering Bay  
  35  3:45  SCV  
  35  3:46  Cyclone  
  39  3:53  SCV  
  40  3:57  SCV  
  40  4:00  Supply Depot  
  40  4:01  Stimpack  
  40  4:02  Marine  
  42  4:05  SCV  
  42  4:09  Refinery  
  43  4:11  Starport  
  43  4:18  SCV  
  43  4:19  SCV, Factory Tech Lab  
  43  4:20  Marine  
  46  4:26  Missile Turret  
  46  4:29  Missile Turret  
  46  4:30  SCV  
  46  4:31  SCV  
  48  4:36  Marine  
  49  4:38  Siege Tank  
  49  4:41  Marine  
  53  4:48  SCV  
  54  4:53  Supply Depot  
  54  4:58  Supply Depot  
  54  5:01  Barracks Reactor  
  54  5:08  Terran Infantry Weapons Level 1  
  54  5:15  Marauder, Viking, SCV x2  
  54  5:18  Supply Depot  
  60  5:22  Siege Tank  
  60  5:27  SCV x2  
  63  5:35  Engineering Bay  
  63  5:39  SCV x2  
  65  5:45  Command Center, Marine  
  65  5:48  Medivac  
  68  5:50  Marine  
  68  5:52  Marauder  
  68  5:56  Siege Tank  
  74  6:01  Supply Depot  
  74  6:04  Supply Depot  
  74  6:06  SCV x2  
  74  6:08  Terran Infantry Armor Level 1  
  76  6:15  Barracks  
  76  6:16  Marauder  
  78  6:24  SCV x2  
  80  6:28  Supply Depot  
  80  6:32  Supply Depot  
  80  6:33  Refinery  
  80  6:35  Siege Tank  
  80  6:36  SCV  
  80  6:37  Viking  
  86  6:45  Barracks Reactor, Marine  
  87  6:48  SCV x2  
  89  6:56  Combat Shields  
  89  7:01  Orbital Command  
  89  7:02  Medivac  
  89  7:06  Barracks Reactor  
  91  7:08  Barracks  
  91  7:16  SCV x2  
  91  7:21  Armory, Marine x2  
  91  7:22  Marauder, Orbital Command  
  95  7:33  Siege Tank  
  98  7:37  Viking  
  98  7:39  Marine x2  
  98  7:41  SCV x2  
  98  7:43  Marine  
  105  7:48  SCV  
  96  7:53  SCV x2  
  96  7:55  Marine x2  
  96  7:57  Viking, Marine x2  
  104  8:00  Barracks Reactor  
  104  8:01  Marauder  
  104  8:02  Barracks  
  104  8:03  SCV  
  104  8:05  SCV  
  108  8:07  SCV  
  108  8:08  Terran Infantry Weapons Level 2  
  109  8:19  SCV x2  
  111  8:22  Refinery  
  111  8:23  Refinery  
  111  8:24  Marine x2  
  111  8:25  Marauder, Marine x2  
  117  8:27  Siege Tank  
  117  8:30  Viking  
  122  8:39  Viking, Marine  
  122  8:40  Marine  
  125  8:48  Marine x2  
  125  8:51  Barracks Tech Lab  
  125  8:52  Marauder, Marine  
  125  8:53  Marine  
  123  8:56  Command Center  
  123  8:59  SCV x2  
  123  9:00  SCV, Marine  
  125  9:05  Supply Depot, Marine  
  125  9:06  Medivac, Marine x2  
  125  9:07  Supply Depot  
  125  9:09  Viking, Concussive Shells  
  128  9:11  Siege Tank  
  118  9:24  SCV  
  118  9:25  Refinery, SCV  
  118  9:31  Supply Depot, Marine  
  120  9:32  Supply Depot, Marine x3  
  120  9:33  Marauder  
  126  9:41  Terran Infantry Armor Level 2  
  126  9:45  Siege Tank  
  126  9:47  Marine x2  
  126  9:51  SCV x3  
  134  9:54  Marauder  
  134  9:57  Marine x2  
  138  10:11  Viking x2  
  137  10:20  SCV x3  
  136  10:25  Marine x5  
  136  10:26  Marine  
  142  10:32  SCV  
  131  10:38  SCV  
  131  10:39  SCV  
  127  10:44  SCV  
  127  10:45  Viking, Marine x2  
  131  10:50  Orbital Command  
  131  10:53  SCV x2  
  131  10:56  SCV  
  134  10:58  Marauder  
  134  10:59  Siege Tank  
  134  11:00  Marine  
  134  11:01  Marine  
  141  11:06  Viking  
  143  11:13  Starport  
  143  11:16  SCV x4  
  143  11:18  Marine  
  146  11:19  Starport  
  146  11:20  Refinery  
  146  11:23  Marine  
  146  11:24  Marine  
  149  11:25  Marine  
  149  11:26  Marauder  
  149  11:28  SCV x2  
  149  11:31  Siege Tank  
  155  11:39  SCV x2  
  157  11:42  Sensor Tower  
  157  11:43  Missile Turret, Marine x6  
  157  11:44  Missile Turret, Marine  
  162  11:48  Viking  
  164  11:55  Sensor Tower  
  164  11:56  Missile Turret  
  164  11:58  SCV x2  
  164  12:12  SCV x2  
  164  12:13  SCV  
  156  12:20  Marine x3  
  156  12:21  Marine x5  
  155  12:23  Viking x2  
  155  12:24  Viking  
  155  12:28  Supply Depot  
  141  12:37  Siege Tank  
  141  12:38  Marine  
  141  12:42  Marine x2  
  141  12:43  Marine  
  141  12:44  Marine  
  141  12:46  Marauder  
  143  12:53  Refinery  
  143  12:56  Marine  
  123  12:59  Supply Depot  
  123  13:00  Marine  
  123  13:01  Viking x2  
  123  13:03  Viking, Barracks Tech Lab  
  130  13:06  Viking  
  132  13:15  Marine x2  
  132  13:16  Marauder  
  132  13:17  Factory  
  132  13:19  Marauder  
  138  13:29  Command Center  
  138  13:35  Marine x3  
  128  13:45  Siege Tank  
  128  13:46  Viking x2  
  130  13:49  Medivac x2, Viking x2  
  123  14:05  Marauder, Marine x2  
  123  14:06  Factory Tech Lab  
  123  14:07  Marine  
  123  14:08  Marauder x2  
Show
View Real Time Build Order
Export as new Build Order

Sadist Terran 

Build Orders: Cyclone Opening, Mech 

Get SALT Encoding   

  12  0:00  SCV  
  13  0:12  SCV  
  14  0:17  Supply Depot  
  14  0:24  SCV  
  15  0:30  Refinery  
  15  0:38  SCV  
  16  0:47  Barracks  
  16  0:52  SCV  
  17  1:04  SCV  
  18  1:09  Refinery  
  18  1:16  SCV  
  19  1:34  Orbital Command  
  19  1:35  Reaper  
  20  1:43  Factory  
  20  1:51  Supply Depot  
  20  1:59  SCV  
  21  2:07  Barracks Reactor  
  21  2:11  SCV  
  22  2:24  SCV  
  22  2:26  Cyclone  
  26  2:39  SCV  
  26  2:40  Supply Depot  
  26  2:52  Starport  
  26  3:06  Cyclone  
  26  3:07  Cyclone  
  26  3:09  SCV  
  26  3:10  Supply Depot  
  33  3:17  Barracks Tech Lab  
  33  3:22  SCV  
  34  3:34  SCV  
  34  3:39  Cyclone  
  38  3:47  Cyclone  
  41  3:57  Command Center  
  41  3:59  SCV  
  42  4:11  SCV, Cyclone  
  42  4:15  Supply Depot  
  46  4:23  SCV  
  47  4:37  SCV  
  47  4:38  Refinery, Supply Depot  
  47  4:48  Barracks Tech Lab  
  47  4:49  SCV  
  47  4:50  Refinery  
  47  4:52  Factory  
  45  4:55  Factory Tech Lab  
  45  5:01  SCV  
  46  5:11  Orbital Command  
  46  5:13  SCV  
  47  5:18  Siege Tank  
  47  5:19  Engineering Bay  
  50  5:25  SCV  
  49  5:37  SCV  
  49  5:38  SCV  
  49  5:41  Siege Tank  
  54  5:43  Raven  
  54  5:49  SCV  
  57  5:50  SCV  
  57  5:51  Missile Turret  
  57  5:52  Missile Turret  
  58  5:59  Siege Tank  
  58  6:01  SCV  
  58  6:04  Barracks Reactor  
  62  6:07  SCV  
  63  6:13  SCV  
  63  6:14  Supply Depot  
  63  6:16  Supply Depot  
  64  6:21  SCV  
  65  6:28  Factory  
  65  6:29  SCV  
  65  6:32  Siege Tank  
  69  6:37  SCV  
  69  6:39  Supply Depot  
  70  6:43  SCV  
  70  6:47  Siege Tank  
  74  6:51  SCV  
  74  6:52  Armory  
  74  6:53  Supply Depot  
  75  6:55  SCV  
  75  6:56  Barracks Tech Lab  
  76  7:03  SCV  
  77  7:16  Command Center, Hellion  
  77  7:19  Hellion  
  81  7:24  SCV  
  81  7:27  Supply Depot  
  81  7:28  Viking  
  78  7:31  SCV  
  79  7:40  Siege Tank  
  79  7:41  Hellion  
  79  7:42  SCV  
  85  7:46  Supply Depot  
  85  7:48  Terran Vehicle Weapons Level 1  
  85  7:52  Hellion  
  85  7:57  SCV  
  88  7:59  SCV  
  88  8:02  Hellion  
  91  8:06  Viking  
  91  8:10  Viking  
  91  8:12  SCV x2  
  97  8:19  Supply Depot  
  97  8:20  Hellion  
  97  8:24  SCV x2  
  97  8:25  Siege Tank  
  104  8:28  Infernal Pre-Igniter  
  104  8:29  Missile Turret  
  104  8:32  Orbital Command  
  104  8:36  Viking, SCV  
  104  8:40  Viking  
  104  8:41  SCV  
  106  8:50  Siege Tank  
  106  8:53  SCV  
  106  8:54  SCV  
  111  8:57  Hellion, Siege Tank  
  111  9:00  SCV  
  117  9:05  Armory, SCV  
  117  9:06  Viking, SCV  
  121  9:10  Viking  
  121  9:12  SCV  
  121  9:14  Factory  
  117  9:18  SCV x2  
  117  9:23  Refinery  
  99  9:24  SCV  
  99  9:25  Refinery  
  99  9:26  Hellion  
  99  9:28  Hellion  
  99  9:30  SCV x2, Siege Tank  
  109  9:34  Hellion  
  109  9:36  Viking  
  113  9:40  Viking  
  113  9:44  SCV  
  113  9:45  SCV  
  117  9:46  SCV  
  117  9:52  Command Center, Hellion  
  120  9:54  Terran Vehicle And Ship Armor Level 1  
  120  9:57  Terran Vehicle Weapons Level 2  
  118  10:01  SCV x3  
  118  10:04  Hellion  
  118  10:06  Viking  
  125  10:10  Viking  
  125  10:12  Siege Tank  
  125  10:13  Factory, SCV  
  131  10:16  Hellion x2  
  131  10:18  Hellion  
  137  10:25  Hellion  
  128  10:37  Hellion, Siege Tank  
  128  10:39  Viking, Hellion  
  131  10:42  SCV  
  131  10:43  Viking  
  131  10:44  Siege Tank  
  131  10:46  Hellion  
  131  10:48  Supply Depot  
  131  10:49  Supply Depot  
  138  10:55  Supply Depot  
  138  10:59  Hellion  
  138  11:00  Siege Tank  
  143  11:08  Hellion  
  143  11:09  Siege Tank  
  143  11:11  Viking  
  150  11:16  Hellion  
  152  11:19  Supply Depot, Factory Reactor  
  152  11:20  Supply Depot, Factory Tech Lab, Hellion  
  154  11:27  SCV  
  154  11:29  Hellion  
  154  11:30  Viking  
  155  11:33  Siege Tank  
  155  11:37  Siege Tank  
  163  11:40  Hellion  
  163  11:41  Hellion  
  163  11:42  Hellion  
  167  11:48  Viking  
  167  11:51  Hellion  
  167  11:52  Terran Vehicle And Ship Armor Level 2  
  173  12:01  Hellion  
  173  12:03  Hellion x2  
  173  12:14  Hellion x2, Siege Tank  
  161  12:22  Siege Tank  
  161  12:24  Hellion, Siege Tank  
  166  12:33  Command Center, Viking  
  166  12:36  Viking, Hellion, Siege Tank  
  166  12:40  SCV  
  167  12:51  Hellion, Siege Tank  
  170  12:55  Siege Tank  
  170  12:57  Siege Tank  
  168  13:00  Supply Depot  
  168  13:03  Viking, SCV x2  
  168  13:04  SCV  
  173  13:06  Viking  
  173  13:08  Hellion  
  177  13:15  SCV  
  177  13:19  Siege Tank  
  181  13:23  Siege Tank  
  184  13:32  Barracks Reactor  
  184  13:40  Siege Tank  
  184  13:41  Hellion x2  
  189  13:44  Viking  
  183  13:55  Siege Tank  
  183  13:56  Hellion  
  183  14:02  Command Center, Hellion, Siege Tank  
  191  14:09  Hellion  
  194  14:21  SCV  
  194  14:23  SCV  
Show
View Real Time Build Order
Export as new Build Order

matathemyra Terran 

Build Orders:  

Get SALT Encoding   

Show
View Real Time Build Order
Export as new Build Order

PhynixHduO Terran 

Build Orders:  

Get SALT Encoding   

Tags
 
Add a new tag
Caveats
  • Supply blocks, unpowered buildings, or Contaminate may cause inaccurate times.
  • Supply counts are checked every 10 seconds.